 Dungeon Crawl Stone Soup version 0.31.0 (webtiles) character file.

Game seed: 10808614985210643755

337 qw the Shooter (level 6, -7/38 HPs)
             Began as a Gargoyle Hunter on Jan 19, 2024.
             Was an Initiate of Okawaru.
             Killed by divine providence
             ... invoked by an orc priest
              (14 damage)
             ... on level 4 of the Dungeon.
             The game lasted 00:00:11 (2179 turns).

qw the Shooter (Gargoyle Hunter)                    Turns: 2179, Time: 00:00:11

Health: -7/38      AC: 13    Str: 15    XL:     6   Next: 54%
Magic:  6/6        EV: 11    Int:  9    God:    Okawaru [......]
Gold:   171        SH:  0    Dex: 15    Spells: 5/5 levels left

rFire   + . .        a - +0 shortbow
rCold   . . .        (shield currently unavailable)
rNeg    + . .        e - +0 ring mail
rPois   inf          (no helmet)
rElec   +            (no cloak)
rCorr   .            (no gloves)
SInv    .            (no boots)
Will    .....        (no amulet)
Stlth   +            f - ring of protection from fire
HPRegen 0.26/turn    d - +4 ring of protection
MPRegen 0.10/turn

%: no passive effects
@: no status effects
A: sickness immunity, AC +4, negative energy resistance 1, electricity
resistance, torment resistance 1, petrification resistance
a: Renounce Religion


You were on level 4 of the Dungeon.
You worshipped Okawaru.
Okawaru was noncommittal.
You visited 2 branches of the dungeon, and saw 5 of its levels.

You collected 171 gold pieces.


Innate Abilities, Weirdness & Mutations

You are immune to sickness and miasma.
Your stone body is resilient. (AC +4)
You are immune to poison.
You resist negative energy. (rN+)
You are resistant to electric shocks. (rElec)
You are resistant to unholy torment.
You are immune to petrification.


   Skills:
 + Level 3.8 Fighting
 - Level 6.9 Ranged Weapons
 - Level 1.0 Armour
 - Level 1.5 Dodging
 - Level 1.1 Stealth


You had 5 spell levels left.
You didn't know any spells.
Your spell library was empty.

Inventory:

Hand Weapons
 a - a +0 shortbow (weapon)
Armour
 e - a +0 ring mail (worn)
Jewellery
 d - a +4 ring of protection (right hand)
 f - a ring of protection from fire (left hand)
Wands
 c - a wand of polymorph (7)
Potions
 h - a potion of might
 j - a potion of enlightenment
 k - 3 potions of curing

Dungeon Overview and Level Annotations

Branches:
Dungeon (4/15)             Temple (1/1) D:4

Altars:
Ashenzari
Cheibriados
Dithmenos
Elyvilon
Fedhas
Gozag
Hepliaklqana
Kikubaaqudgha
Makhleb
Nemelex Xobeh
Okawaru
Qazlal
Ru
Sif Muna
Trog
Uskayaw
Vehumet
Wu Jian
Xom
Yredelemnul
Zin
The Shining One

Shops:
D:1 [


Message History

The orc priest closely misses you. The ball python closely misses you.
The ball python barely misses you.
You shoot an arrow. The arrow hits the ball python.
The ball python is moderately wounded.
The orc priest hits you but does no damage.
The ball python closely misses you. The ball python grabs you.
The ball python constricts you. The orc priest closely misses you.
You shoot an arrow. The arrow hits the ball python.
You kill the ball python!
Okawaru accepts your kill.
The orc priest hits you from afar with a +0 trident.
You shoot an arrow.
The arrow hits the orc priest but does no damage.
The orc priest is lightly wounded.
The orc priest looks braver for a moment.
You shoot an arrow. The arrow hits the orc priest.
The orc priest is moderately wounded.
The orc priest hits you but does no damage.
You shoot an arrow.
The arrow hits the orc priest but does no damage.
The orc priest is moderately wounded.
The orc priest hits you from afar with a +0 trident!
You shoot an arrow. The arrow barely misses the orc priest.
The orc priest closely misses you.
You shoot an arrow. The arrow barely misses the orc priest.
The orc priest hits you but does no damage.
You shoot an arrow. The arrow hits the orc priest.
The orc priest is heavily wounded.
The orc priest miscasts a cantrip.
You shoot an arrow. The arrow hits the orc priest.
The orc priest is heavily wounded.
The orc priest hits you but does no damage. x2
You shoot an arrow. The arrow hits the orc priest.
The orc priest is severely wounded.
The orc priest looks satisfied for a moment.
You shoot an arrow. The arrow hits the orc priest.
The orc priest is severely wounded.
The orc priest mumbles some strange prayers to Beogh against you.
Beogh smites you!
You die...

... .... ####
.##....#.#..##..# .... .
.#..#..........###..#.
.. ...#.#.#.>#........<.
..#..#.................
#......#...#..........
###......#...#..........
......).###.....(.#.#.#.
#....)@................
.....o#.....#......<..##
....# #..>..###..##.###
... #.....#....##.# .
#.............+..#
......###......####
##..... .......# #.....
.......# .....# .......#


You could see an orc priest.

Vanquished Creatures
  Sigmund (D:4)
  A gnoll bouda (D:4)
  2 gnolls (D:4)
  5 adders
  A ribbon worm (D:2)
  A dart slug (D:1)
  6 orcs
  A bat (D:1)
  2 endoplasms
  3 goblins
  5 hobgoblins
  4 jackals (D:1)
  7 kobolds
  5 quokkas
  4 ball pythons
  3 frilled lizards
  13 rats
64 creatures vanquished.

Notes
Turn   | Place    | Note
-------+----------+-------------------------------------------
     0 | D:1      | qw the Gargoyle Hunter began the quest for the Orb.
     0 | D:1      | Reached XP level 1. HP: 12/12 MP: 1/1
     0 | D:1      | 0 ||| qw: Version: 0.3-a-132-g3d54051
     0 | D:1      | 0 ||| qw: Game counter: 377
     0 | D:1      | 0 ||| qw: Melee chars always use a shield: true
     0 | D:1      | 0 ||| qw: God list: Okawaru
     0 | D:1      | 0 ||| qw: Allow faded altars: false
     0 | D:1      | 0 ||| qw: Do Orc after clearing Dungeon:15 true
     0 | D:1      | 0 ||| qw: Do second Lair branch before Depths: true
     0 | D:1      | 0 ||| qw: Lair rune preference: random
     0 | D:1      | 0 ||| qw: Goals: Normal
     0 | D:1      | 0 ||| PLANNING D:1-11
    28 | D:1      | Found Zusip's Armour Emporium.
    41 | D:1      | 41 ||| SHOPLISTING +0 cloak (63 gold, have 39).
    41 | D:1      | 41 ||| SHOPLISTING quicksilver dragon scales (840 gold,
                  | have 39).
   243 | D:1      | Reached XP level 2. HP: 17/17 MP: 2/2
   329 | D:1      | Found a faded altar of an unknown god.
   611 | D:1      | 611 ||| UPGRADING to +0 ring mail.
   621 | D:1      | 621 ||| DROPPING +0 leather armour.
   622 | D:1      | 622 ||| DROPPING ring of wizardry.
   623 | D:1      | 623 ||| UPGRADING to ring of protection from fire.
   624 | D:1      | 624 ||| READING scroll labelled LUIGUR NUAC.
   625 | D:1      | 625 ||| READING 2 scrolls labelled KACYMP KUERA.
   626 | D:1      | 626 ||| READING scroll labelled YTEPRA RESKEISEUGU.
   627 | D:1      | 627 ||| DRINKING 2 orange potions.
   628 | D:1      | 628 ||| DROPPING scroll of butterflies.
   629 | D:1      | 629 ||| DROPPING scroll of poison.
   710 | D:2      | Found a broken altar of Ashenzari.
   749 | D:2      | Reached XP level 3. HP: 21/21 MP: 3/3
   772 | D:2      | Reached skill level 1 in Armour
   882 | D:2      | Reached skill level 5 in Ranged Weapons
  1141 | D:2      | Reached XP level 4. HP: 27/27 MP: 4/4
  1166 | D:2      | Reached skill level 3 in Fighting
  1166 | D:2      | 1166 ||| FLEEEEING.
  1167 | D:2      | 1167 ||| STAIRDANCE
  1243 | D:1      | 1243 ||| UPGRADING to +4 ring of protection.
  1244 | D:1      | 1244 ||| READING scroll labelled QONUZOGROM.
  1244 | D:1      | 1244 ||| ENCHANTING +0 shortbow.
  1245 | D:1      | 1245 ||| READING scroll labelled MUTZEE BAJIATH.
  1246 | D:1      | 1246 ||| READING scroll labelled RICWES SIRACI.
  1247 | D:1      | 1247 ||| READING 2 scrolls labelled HILUAM AREU.
  1247 | D:1      | 1247 ||| IDENTIFYING grey potion
  1377 | D:2      | 1377 ||| READING scroll of identify.
  1377 | D:2      | 1377 ||| IDENTIFYING scroll labelled FOUKHL JUZ YXIN
  1785 | D:3      | 1785 ||| READING 2 scrolls of identify.
  1785 | D:3      | 1785 ||| IDENTIFYING viscous golden potion
  1786 | D:3      | 1786 ||| READING scroll of identify.
  1786 | D:3      | 1786 ||| IDENTIFYING scroll labelled NENWELOODON
  1787 | D:3      | 1787 ||| DROPPING scroll of vulnerability.
  1805 | D:4      | Found a radiant altar of Vehumet.
  1810 | D:4      | Found a stormy altar of Qazlal.
  1821 | D:4      | Noticed Sigmund
  1823 | D:4      | 1823 ||| FLEEEEING.
  1834 | D:4      | 1834 ||| FLEEEEING.
  1836 | D:4      | 1836 ||| STAIRDANCE
  1881 | D:4      | Killed Sigmund
  1882 | D:4      | Reached skill level 6 in Ranged Weapons
  1882 | D:4      | Reached XP level 5. HP: 21/32 MP: 5/5
  1882 | D:4      | Reached XP level 6. HP: 24/37 MP: 6/6
  1882 | D:4      | 1882 ||| FLEEEEING.
  1883 | D:4      | 1883 ||| STAIRDANCE
  1956 | D:4      | 1956 ||| RETREEEEATING.
  1957 | D:4      | 1957 ||| RETREEEEATING.
  1977 | D:4      | HP: 8/37 [gnoll/+0 whip[a gnoll bouda] (6)]
  1978 | D:4      | 1978 ||| READING scroll of teleportation.
  1980 | D:4      | Found a staircase to the Ecumenical Temple.
  1981 | D:4      | 1981 ||| PLANNING TEMPLE
  1981 | D:4      | 1981 ||| FLEEEEING.
  1984 | D:4      | 1984 ||| STAIRDANCE
  2110 | Temple   | Entered the Ecumenical Temple
  2111 | Temple   | 2111 ||| PLANNING OKAWARU WORSHIP
  2133 | Temple   | Became a worshipper of Warmaster Okawaru
  2134 | Temple   | 2134 ||| PLANNING D:1-11
  2173 | D:4      | HP: 6/38 [orc priest/+0 trident (8)]
  2179 | D:4      | Killed from afar by an orc priest

Levels and vault maps discovered:
D:1:      lemuel_arrival_river_ford, layout_loops_ring, serial_shops, shop,
          ebering_ecumenical_altar_rust, chequers_serial_rivers_small_a,
          minmay_distorted
D:2:      layout_loops_ring, basic_altar, minmay_rat_gold_closets
D:3:      layout_rooms
D:4:      layout_basic, grunt_temple_overflow_open, minmay_temple_entry_tees,
          uniq_sigmund
Temple:   mainiacjoe_temple_big_plus

Skill      XL: |  1  2  3  4 |
---------------+-------------+-----
Armour         | 1 |  1.0
Ranged Weapons | 5 6 |  6.9
Fighting       | 3 |  3.8
Dodging        | |  1.5
Stealth        | |  1.1

Action                     |  1- 3 |  4- 6 || total
---------------------------+-------+-------++-------
   Fire: Shortbow          |    86 |   126 ||   212
    Use: Scroll            |     3 |     8 ||    11
         Potion            |     1 |       ||     1
 Armour: Leather armour    |     8 |       ||     8
         Ring mail         |    13 |    93 ||   106
  Dodge: Dodged            |    17 |    48 ||    65

Table legend:
 A = Non-vault XP
 B = Vault XP
 C = Vault XP percentage of total XP
 D = Non-vault monster count
 E = Vault monster count
 F = Vault count percentage of total count
                 A         B        C        D         E       F
            +---------+---------+-------+---------+---------+-------
      Total |     221 |     261 |  54.1 |      50 |      14 |  21.9
            +---------+---------+-------+---------+---------+-------
        D:1 |      21 |       9 |  30.0 |      13 |       4 |  23.5
        D:2 |      53 |       9 |  14.5 |      15 |       9 |  37.5
        D:3 |      34 |       0 |   0.0 |      10 |       0 |   0.0
        D:4 |     113 |     243 |  68.3 |      12 |       1 |   7.7
            +---------+---------+-------+---------+---------+-------
